Map: Eflorescencia EE

Players

MrFercho - Winner!

  • Race: Zerg Zerg
  • League: Silver
  • Spawn Location: 9:00

TATORREA - Winner!

  • Race: Protoss Protoss
  • League: Silver
  • Spawn Location: 6:00

GCzerg

  • Race: Protoss Protoss
  • Spawn Location: 3:00

KingKung

  • Race: Protoss Protoss
  • Spawn Location: 12:00

VOD

Have the link to the VOD?

Description

Time

  • Played on: May 24, 2020, 10:20 p.m.
  • Length: 19:48
Show
View Real Time Build Order
Export as new Build Order

MrFercho Zerg - Winner!

Build Orders: Pool First 

Get SALT Encoding   

  12  0:01  Drone  
  13  0:14  Overlord  
  13  0:18  Drone  
  13  0:20  Extractor  
  13  0:24  Drone  
  14  0:39  Drone x2  
  16  0:52  Drone  
  17  0:58  Drone  
  18  1:11  Drone  
  19  1:16  Extractor  
  18  1:23  Drone  
  19  1:27  Spawning Pool  
  19  1:32  Drone  
  19  1:40  Drone  
  20  1:55  Drone  
  21  2:04  Overlord  
  21  2:11  Hatchery  
  21  2:15  Metabolic Boost  
  20  2:18  Queen  
  22  2:24  Evolution Chamber  
  22  2:26  Overlord  
  21  2:30  Drone  
  22  2:43  Spine Crawler  
  21  2:53  Drone  
  21  2:54  Drone  
  23  3:04  Lair  
  23  3:08  Zerg Melee Weapons Level 1  
  23  3:21  Baneling Nest  
  23  3:22  Drone x2  
  23  3:25  Drone  
  25  3:41  Drone x4  
  26  3:46  Drone  
  30  4:10  Zergling x2  
  30  4:11  Zergling x10  
  36  4:31  Drone x2  
  37  4:34  Overlord x3  
  37  4:35  Overlord  
  33  5:38  Zergling x12  
  32  6:41  Zerg Ground Armor Level 1  
  32  6:43  Centrifical Hooks  
  32  6:49  Queen  
  34  6:55  Zergling x6  
  37  7:12  Hatchery  
  37  7:13  Zergling x8  
  40  7:19  Baneling  
  40  7:20  Baneling x5  
  40  7:29  Evolution Chamber  
  39  7:37  Drone  
  39  7:38  Drone x4  
  39  7:44  Extractor  
  43  7:47  Baneling  
  43  7:48  Extractor, Baneling x7  
  35  8:20  Zergling x20  
  35  8:21  Zergling x2  
  46  8:43  Hydralisk Den  
  46  8:46  Infestation Pit  
  44  8:50  Spine Crawler  
  43  9:02  Baneling x5  
  43  9:03  Baneling x5  
  32  9:25  Hydralisk  
  32  9:26  Hydralisk x14  
  51  10:14  Hatchery  
  51  10:20  Zerg Missile Weapons Level 1  
  50  10:24  Grooved Spines  
  25  11:12  Lair  
  25  11:18  Queen  
  27  11:30  Hydralisk x6  
  27  11:31  Hydralisk x2  
  43  11:36  Muscular Augments  
  43  11:50  Lair  
  43  12:14  Hive  
  43  12:23  Drone  
  43  12:24  Hydralisk, Drone x4  
  43  12:25  Hydralisk x4  
  58  12:33  Hydralisk x3  
  64  12:56  Hydralisk x8  
  80  13:09  Zerg Missile Weapons Level 2  
  80  13:19  Zerg Ground Armor Level 2  
  80  13:24  Burrow  
  46  15:21  Hydralisk  
  46  15:22  Hydralisk x17  
  70  16:07  Hydralisk  
  70  16:08  Hydralisk x5  
  82  16:12  Overlord x3  
  82  16:48  Hydralisk x9  
  94  17:57  Hydralisk x4  
Show
View Real Time Build Order
Export as new Build Order

TATORREA Protoss - Winner!

Build Orders:  

Get SALT Encoding   

  12  0:01  Probe  
  13  0:33  Probe  
  14  0:41  Pylon  
  14  0:50  Probe  
  15  1:18  Probe  
  16  1:21  Gateway  
  16  1:30  Probe  
  17  1:47  Probe  
  17  1:51  Nexus  
  18  2:00  Probe  
  19  2:09  Assimilator  
  19  2:12  Probe  
  20  2:25  Pylon  
  20  2:46  Probe  
  21  2:53  Cybernetics Core  
  21  2:56  Gateway  
  21  2:58  Probe  
  22  3:10  Probe  
  23  3:13  Assimilator  
  23  3:14  Pylon  
  23  3:17  Pylon  
  23  3:18  Probe  
  24  3:20  Pylon  
  24  3:26  Probe  
  25  3:30  Probe  
  26  3:38  Probe  
  27  3:42  Warp Gate, Probe  
  28  3:48  Stalker  
  28  3:51  Probe  
  28  3:54  Probe  
  32  3:58  Stalker  
  34  4:06  Probe  
  34  4:09  Pylon  
  35  4:14  Probe  
  36  4:18  Probe  
  37  4:26  Probe  
  37  4:29  Assimilator  
  37  4:30  Stalker  
  40  4:32  Stalker  
  42  4:38  Probe  
  42  4:40  Probe  
  44  4:51  Probe  
  44  4:52  Probe  
  46  5:03  Probe  
  46  5:06  Probe  
  48  5:09  Forge  
  48  5:13  Stalker x2  
  52  5:15  Probe  
  47  5:48  Probe x2  
  47  5:53  Assimilator  
  47  5:56  Protoss Ground Weapons Level 1  
  47  6:00  Probe  
  48  6:07  Stargate  
  48  6:09  Stargate  
  48  6:12  Robotics Facility  
  48  6:14  Twilight Council  
  48  6:36  Probe x2  
  50  6:41  Nexus  
  50  6:43  Stalker x2  
  54  6:48  Probe x2  
  54  6:49  Void Ray (Chrono Boost)  
  54  6:50  Void Ray (Chrono Boost)  
  64  6:56  Immortal (Chrono Boost)  
  64  7:00  Probe x2  
  70  7:12  Probe x2  
  72  7:22  Void Ray (Chrono Boost)  
  72  7:24  Probe x2  
  78  7:47  Assimilator  
  78  7:48  Pylon  
  78  7:49  Assimilator  
  78  7:51  Pylon  
  78  7:53  Void Ray, Immortal, Probe x2  
  78  7:55  Pylon  
  88  8:05  Probe x2  
  76  8:06  Pylon  
  76  8:10  Pylon  
  62  8:13  Pylon  
  62  8:16  Pylon  
  62  8:17  Probe  
  47  8:35  Phoenix  
  47  8:36  Phoenix  
  51  8:54  Probe  
  52  9:00  Void Ray  
  52  9:01  Void Ray  
  52  9:02  Immortal  
  64  9:06  Probe  
  59  9:18  Probe  
  54  9:51  Gateway  
  54  9:54  Gateway  
  54  9:57  Protoss Ground Weapons Level 2, Nexus  
  54  9:58  Gateway  
  54  10:02  Gateway  
  54  10:14  Gateway  
  54  10:19  Gateway  
  46  10:49  Void Ray x2  
  50  10:51  Immortal  
  54  11:21  Zealot  
  54  11:22  Zealot x5  
  66  11:31  Robotics Bay  
  66  11:41  Void Ray  
  66  11:42  Void Ray  
  66  11:44  Immortal  
  78  12:00  Probe x3  
  81  12:26  Cybernetics Core  
  81  12:28  Zealot x3  
  81  12:29  Zealot x3  
  93  12:38  Void Ray x2  
  93  12:40  Immortal  
  105  12:48  Charge  
  105  12:49  Extended Thermal Lance (Chrono Boost)  
  105  12:51  Protoss Ground Weapons Level 3  
  105  13:19  Colossus  
  53  14:28  Void Ray  
  53  14:29  Void Ray  
  53  14:30  Colossus  
  67  14:39  Probe x2  
  67  14:43  Stalker x3  
  67  14:44  Stalker  
  67  14:45  Stalker x2  
  81  14:46  Nexus  
  81  14:51  Probe x2  
  83  15:03  Probe x2  
  85  15:07  Protoss Air Weapons Level 1  
  61  16:38  Void Ray x2  
  63  16:40  Colossus  
  69  16:50  Stalker x2  
  73  16:55  Stalker  
  73  16:56  Stalker x3  
  73  17:01  Assimilator  
  81  17:04  Assimilator  
  81  17:21  Void Ray x2  
  89  17:25  Protoss Ground Armor Level 1  
  89  17:29  Nexus  
  89  17:34  Immortal  
  93  17:37  Protoss Air Armor Level 1  
  93  17:49  Zealot x3  
  93  17:50  Zealot x2  
  93  17:51  Zealot  
  105  18:03  Void Ray  
  105  18:04  Void Ray  
  113  18:12  Colossus  
  119  18:32  Assimilator, Fleet Beacon  
  119  18:35  Assimilator  
  119  18:38  Zealot x3  
  119  18:39  Zealot x3  
  131  18:51  Void Ray  
  131  18:53  Void Ray  
Show
View Real Time Build Order
Export as new Build Order

GCzerg Protoss 

Build Orders:  

Get SALT Encoding   

  12  0:02  Probe  
  13  0:18  Pylon  
  13  0:21  Probe  
  14  0:33  Probe  
  15  0:41  Gateway  
  15  0:45  Probe  
  16  0:53  Assimilator  
  16  0:57  Probe  
  16  1:04  Assimilator  
  17  1:09  Probe  
  18  1:21  Probe  
  19  1:33  Probe  
  19  1:34  Cybernetics Core  
  19  1:38  Pylon  
  20  1:45  Probe  
  21  1:51  Zealot  
  23  1:57  Probe  
  24  2:09  Probe  
  25  2:18  Gateway, Stalker  
  25  2:22  Probe  
  28  2:23  Pylon  
  28  2:34  Probe  
  29  2:39  Forge  
  29  2:46  Probe  
  29  2:49  Stalker (Chrono Boost)  
  32  2:58  Probe  
  33  3:00  Robotics Facility  
  33  3:03  Stalker (Chrono Boost)  
  35  3:10  Probe  
  36  3:22  Probe  
  36  3:24  Photon Cannon  
  37  3:33  Pylon  
  37  3:34  Probe  
  38  3:46  Probe  
  39  3:51  Stalker (Chrono Boost)  
  41  4:03  Warp Gate  
  41  4:04  Nexus  
  41  4:17  Robotics Bay  
  41  4:18  Assimilator  
  41  4:34  Twilight Council  
  41  4:40  Photon Cannon  
  41  4:43  Photon Cannon  
  33  5:00  Probe  
  33  5:05  Zealot  
  33  5:06  Zealot  
  32  5:32  Stalker  
  32  5:33  Stalker  
  31  6:02  Stalker  
  33  6:09  Blink  
  33  6:10  Probe  
  34  6:13  Colossus  
  40  6:21  Probe (Chrono Boost)  
  40  6:23  Probe (Chrono Boost)  
  42  6:32  Probe (Chrono Boost)  
  41  6:48  Stalker x2  
  45  7:01  Gateway  
  45  7:02  Gateway  
  45  7:27  Pylon, Probe  
  46  7:30  Stalker x2, Pylon  
  46  9:03  Pylon  
  42  9:43  Stalker  
  42  9:44  Stalker  
  46  9:53  Probe x2  
  48  10:02  Pylon  
  48  10:04  Pylon  
  48  10:05  Probe x2  
  50  10:13  Gateway  
  50  10:15  Gateway  
  50  10:17  Stalker, Probe x2, Gateway  
  50  10:18  Stalker x3  
  50  10:20  Gateway  
  60  10:29  Probe x2  
  62  10:45  Sentry x3  
  62  10:46  Sentry  
  68  11:17  Pylon  
  68  11:21  Stalker x4  
  76  11:27  Probe x2  
  78  11:34  Assimilator  
  78  11:39  Probe  
  80  11:40  Probe  
  80  11:43  Stalker  
  80  11:44  Stalker x3  
  80  11:45  Stalker x2  
  92  11:52  Probe x2  
  94  11:55  Nexus  
  94  11:56  Extended Thermal Lance  
  94  12:04  Probe (Chrono Boost)  
  96  12:10  Probe (Chrono Boost)  
  96  12:13  Probe (Chrono Boost)  
  97  12:17  Probe (Chrono Boost)  
  97  12:18  Probe (Chrono Boost)  
  99  12:23  Assimilator  
  99  12:26  Pylon  
  99  12:28  Probe  
  100  12:30  Pylon  
  100  12:42  Colossus  
  106  13:15  Robotics Facility  
  106  13:36  Colossus  
  70  13:52  Stalker x4  
  70  13:53  Stalker x4  
  57  14:26  Stalker x5  
  57  14:27  Stalker x3  
  41  15:16  Stalker x2  
  41  15:17  Stalker x2  
  41  15:18  Stalker x2  
  40  15:42  Pylon  
  40  15:57  Colossus  
  39  16:16  Stalker, Pylon  
  39  16:17  Stalker x3  
  47  16:19  Stalker x3  
  52  16:38  Probe x2  
  54  16:50  Probe  
  54  16:51  Probe  
  56  16:58  Pylon  
  56  17:03  Probe x2  
  56  17:15  Probe x2  
  39  17:27  Probe x2  
  39  17:39  Probe x2  
  40  17:44  Pylon  
  40  17:47  Pylon  
  40  17:51  Probe  
  40  18:03  Probe  
  40  18:09  Cybernetics Core  
  40  18:15  Immortal, Probe  
  22  18:54  Immortal  
Show
View Real Time Build Order
Export as new Build Order

KingKung Protoss 

Build Orders:  

Get SALT Encoding   

  12  0:01  Probe  
  13  0:14  Probe  
  14  0:19  Pylon  
  14  0:26  Probe  
  15  0:39  Gateway  
  15  0:53  Pylon  
  15  0:58  Assimilator  
  15  1:19  Probe  
  15  1:20  Forge  
  16  1:28  Zealot  
  16  1:31  Probe  
  19  1:43  Probe  
  20  1:55  Probe, Zealot  
  23  2:02  Cybernetics Core  
  23  2:07  Probe  
  24  2:10  Gateway  
  24  2:18  Assimilator  
  24  2:20  Probe  
  24  2:22  Zealot  
  27  2:49  Stalker  
  30  2:51  Probe  
  30  3:11  Pylon  
  30  3:15  Pylon  
  30  3:24  Pylon  
  30  3:28  Stalker x2  
  34  3:51  Photon Cannon  
  34  3:58  Stalker  
  34  4:01  Stalker  
  38  4:05  Protoss Shields Level 1  
  38  4:28  Stalker  
  38  4:30  Gateway  
  40  4:31  Stalker  
  40  4:36  Pylon  
  42  4:58  Stalker  
  44  5:01  Stalker  
  46  5:17  Forge  
  46  5:20  Stalker  
  48  5:28  Stalker  
  48  5:31  Stalker  
  52  5:51  Stalker  
  54  5:58  Stalker  
  54  6:01  Stalker  
  58  6:20  Nexus  
  58  6:21  Stalker  
  60  6:30  Pylon  
  60  6:46  Pylon  
  60  6:50  Stalker  
  62  7:11  Photon Cannon  
  62  7:18  Protoss Ground Armor Level 1  
  62  7:21  Protoss Ground Weapons Level 1  
  62  7:39  Stalker x3  
  60  8:19  Stalker x2  
  64  8:20  Stalker  
  66  8:49  Stalker x2  
  66  8:50  Stalker  
  64  9:52  Stalker x3  
  45  10:22  Stalker x3  
  51  10:47  Probe  
  52  10:52  Stalker x3  
  58  10:59  Probe  
  55  11:11  Probe  
  56  11:21  Stalker  
  56  11:22  Stalker x2  
  62  11:27  Probe  
  62  11:31  Assimilator  
  63  11:37  Assimilator  
  63  11:39  Probe  
  64  11:51  Stalker, Probe, Stargate  
  64  11:52  Stalker  
  69  12:03  Probe  
  70  12:12  Stargate  
  70  12:15  Probe  
  71  12:39  Nexus  
  71  12:43  Pylon  
  71  12:51  Pylon  
  71  13:04  Photon Cannon  
  71  13:05  Photon Cannon  
  71  13:10  Photon Cannon  
  71  13:20  Fleet Beacon  
  71  13:48  Void Ray x2  
  59  14:02  Probe  
  60  14:14  Probe  
  59  14:24  Stalker x3  
  49  14:26  Probe  
  49  14:31  Void Ray  
  46  14:38  Probe  
  51  14:50  Probe  
  52  14:54  Stalker x3, Void Ray  
  52  15:24  Stalker x3  
  52  15:25  Void Ray  
  62  15:54  Stalker x3  
  50  16:23  Stalker  
  50  16:24  Stalker x2  
  54  16:45  Probe  
  55  16:48  Assimilator  
  55  16:53  Stalker  
  55  16:54  Stalker x2  
  59  16:57  Probe  
  62  17:09  Probe  
  62  17:13  Assimilator  
  63  17:22  Probe  
  64  17:23  Stalker  
  64  17:24  Stalker  
  68  17:34  Probe  
  65  17:46  Probe  
  62  17:58  Probe  
  57  18:10  Stalker x3  
  57  18:40  Stalker x3  
  63  19:06  Nexus  
Tags
 
Add a new tag
Caveats
  • Supply blocks, unpowered buildings, or Contaminate may cause inaccurate times.
  • Supply counts are checked every 10 seconds.